 Dungeon Crawl Stone Soup version 0.32-a0-40-g2adb59ae06 (webtiles) character file.

Game seed: 3484270009896445766

227 porpoise the Shooter (level 6, -5/48 HPs)
             Began as a Human Hunter on Jan 25, 2024.
             Slain by an orc warrior
             ... wielding a +0 mace
              (9 damage)
             ... on level 4 of the Dungeon.
             The game lasted 00:06:35 (2026 turns).

porpoise the Shooter (Human Hunter)                 Turns: 2026, Time: 00:06:36

Health: -5/48      AC:  7    Str: 11    XL:     6   Next: 2%
Magic:  6/6        EV: 12    Int: 10    God:
Gold:   97         SH:  0    Dex: 18    Spells: 5/5 levels left

rFire   . . .        a - +0 shortbow
rCold   . . .        (shield currently unavailable)
rNeg    . . .        c - +0 leather armour
rPois   .            (no helmet)
rElec   .            (no cloak)
rCorr   .            (no gloves)
SInv    .            (no boots)
Will    .....        g - amulet of the acrobat
Stlth   ++           l - +4 ring of protection
HPRegen 0.28/turn    (no ring)
MPRegen 0.10/turn

%: acrobat
@: no status effects
A: explore regen
a: no special abilities


You were on level 4 of the Dungeon.
You visited 1 branch of the dungeon, and saw 4 of its levels.

You collected 97 gold pieces.

Inventory:

Hand Weapons
 a - a +0 shortbow (weapon)
Missiles
 p - a boomerang (quivered)
Armour
 c - a +0 leather armour (worn)
 i - an orb of guile
 q - a scarf of invisibility
Jewellery
 g - an amulet of the acrobat (around neck)
 j - an amulet of reflection
 l - a +4 ring of protection (left hand)
Wands
 r - a wand of flame (7)
Scrolls
 b - a scroll of butterflies
 d - a scroll of identify
 f - a scroll of immolation {unknown}
 h - a scroll of blinking
 k - a scroll of enchant weapon {unknown}
 m - 2 scrolls of teleportation
 s - a scroll of revelation {unknown}
Potions
 e - 3 potions of curing
 n - a potion of haste
 o - a potion of cancellation


   Skills:
 + Level 3.8 Fighting
 * Level 6.2 Ranged Weapons
 - Level 2.0 Dodging
 - Level 1.0 Stealth


You had 5 spell levels left.
You didn't know any spells.
Your spell library contained the following spells:

 Spells                   Type           Power      Damage    Failure   Level
 Kiss of Death            Conj/Necr      0%         2d5       45%         1
 Magic Dart               Conj           0%         1d3       45%         1
 Blink                    Tloc           0%         N/A       58%         2
 Call Imp                 Summ           0%         N/A       58%         2
 Scorch                   Fire           0%         2d5       58%         2
 Sublimation of Blood     Necr           0%         N/A       58%         2
 Confusing Touch          Hex            0%         N/A       83%         3
 Inner Flame              Hex/Fire       0%         N/A       83%         3
 Dispel Undead            Necr           0%         3d6       99%         4
 Flame Wave               Conj/Fire      0%         2d4       99%         4
 Irradiate                Conj/Alch      0%         3d11      100%        5
 Summon Cactus Giant      Summ           0%         N/A       100%        6
 Summon Hydra             Summ           0%         N/A       100%        7
 Ignition                 Fire           0%         3d3       100%        8


Dungeon Overview and Level Annotations

Branches:
Dungeon (4/15)
 Temple: D:4-7

Altars:
Elyvilon
Gozag
Uskayaw
Vehumet
Yredelemnul

Shops:
D:2 =   D:4 *


Innate Abilities, Weirdness & Mutations

You regain HP and MP as you explore.


Message History

The orc warrior is lightly wounded.
The orc priest hits you but does no damage.
You shoot an arrow. The arrow hits the orc warrior.
The orc warrior is moderately wounded.
The orc warrior closely misses you.
The orc priest casts a cantrip, but nothing happens.
You shoot an arrow.
The arrow hits the orc warrior but does no damage.
The orc warrior is moderately wounded.
The orc warrior hits you with a +0 mace.
An orc comes into view. It is wielding a +0 mace.
The orc priest looks satisfied for a moment.
You shoot an arrow. The arrow hits the orc warrior.
The orc warrior is heavily wounded.
The orc warrior hits you with a +0 mace!
The orc priest casts a cantrip, but nothing happens.
You shoot an arrow.
The arrow barely misses the orc warrior.
The arrow hits the orc priest.
The orc priest is almost dead.
The orc warrior misses you.
You shoot an arrow.
The arrow hits the orc warrior but does no damage.
The orc warrior is heavily wounded.
The orc warrior closely misses you.
You shoot an arrow.
The arrow barely misses the orc warrior.
The arrow barely misses the orc priest.
The orc warrior hits you but does no damage.
You shoot an arrow.
The arrow closely misses the orc warrior.
The arrow completely misses the orc priest.
The orc warrior closely misses you.
You shoot an arrow. The arrow hits the orc warrior!
The orc warrior is severely wounded.
The orc priest invokes the aid of Beogh against you.
Beogh smites you!
* * * LOW HITPOINT WARNING * * *
The orc warrior hits you with a +0 mace!
You die...

#.###≈..∩..≈####
.> #.# #≈.⌠.⌠.≈#
....####.#
#≈.....≈#
.........#
#≈≈≈≈≈≈≈#
....###..#
######### .
#..########
#..........
##.######## #@#
#o# #o# #{#


.or ..# ... #... You could see an orc warrior, an orc priest, an orc and a
quokka.

Vanquished Creatures
  A scorpion (D:3)
  A bombardier beetle (D:3)
  Natasha (twice) (D:2)
  2 adders
  A dart slug (D:4)
  4 orcs (D:3)
  4 ball pythons
  9 bats
  9 endoplasms
  3 giant cockroaches (D:2)
  7 goblins
  5 hobgoblins
  3 quokkas
  2 frilled lizards (D:1)
  6 kobolds
  3 rats
62 creatures vanquished.

Notes
Turn   | Place    | Note
-------+----------+-------------------------------------------
     0 | D:1      | porpoise the Human Hunter began the quest for the Orb.
     0 | D:1      | Reached XP level 1. HP: 16/16 MP: 1/1
    66 | D:1      | Reached XP level 2. HP: 22/22 MP: 2/2
   638 | D:2      | Reached XP level 3. HP: 28/28 MP: 3/3
   681 | D:2      | Noticed Natasha
   688 | D:2      | Killed Natasha
   689 | D:2      | Reached skill level 5 in Ranged Weapons
   689 | D:2      | Reached XP level 4. HP: 19/34 MP: 4/4
   871 | D:2      | Found a faded altar of an unknown god.
   882 | D:2      | Noticed Natasha
   896 | D:2      | Killed Natasha
  1002 | D:2      | Found a radiant altar of Vehumet.
  1108 | D:2      | Found Yhesaim's Jewellery Shop.
  1180 | D:3      | Found a hide-covered altar of Uskayaw.
  1195 | D:3      | Noticed a scorpion
  1212 | D:3      | Killed a scorpion
  1213 | D:3      | Reached XP level 5. HP: 28/41 MP: 5/5
  1343 | D:3      | Found a faded altar of an unknown god.
  1476 | D:3      | Reached skill level 6 in Ranged Weapons
  1597 | D:3      | Found a white marble altar of Elyvilon.
  1660 | D:3      | Reached XP level 6. HP: 48/48 MP: 6/6
  1754 | D:3      | Found a basalt altar of Yredelemnul.
  1961 | D:4      | Found an opulent altar of Gozag.
  1964 | D:4      | Found Gozag's Platinum Reserve.
  2004 | D:4      | Noticed an orc warrior
  2026 | D:4      | Slain by an orc warrior

Illustrated notes

Levels and vault maps discovered:
D:1:      onia_arrival_mini_maze_b, layout_rooms, minmay_misc_feat_five
D:2:      layout_rooms, serial_shops, nicolae_shop_real_fake_doors, basic_altar,
          dreamdust_ecumenical_altar_angels_and_demons, uniq_natasha
D:3:      layout_basic, nicolae_elyvilon_peaceful_grove,
          nicolae_overflow_ecumenical_swirl, lemuel_tele_altar,
          nicolae_uskayaw_murder_on_the_dancefloor, skrybe_limestone_x,
          kennysheep_generic_room_4
D:4:      layout_loops_ring, mainiacjoe_overflow_big_doors,
          nicolae_gozag_zags_fifth_avenue, mainiacjoe_overflow_chevrons

Skill      XL: |  1  2  3  4  5 |
---------------+----------------+-----
Ranged Weapons | 5 6 |  6.2
Fighting       | 3 |  3.8
Dodging        | |  2.0
Stealth        | |  1.0

Action                     |  1- 3 |  4- 6 || total
---------------------------+-------+-------++-------
   Fire: Shortbow          |    91 |   146 ||   237
    Use: Scroll            |       |     5 ||     5
 Armour: Leather armour    |    18 |    32 ||    50
  Dodge: Dodged            |    25 |    33 ||    58

Table legend: (Time is in decaauts)
 A = Elapsed time spent in this place.
 B = Non-inter-level travel time spent in this place.
 C = Inter-level travel time spent in this place.
 D = Time resting spent in this place.
 E = Time spent auto-exploring this place.
 F = Levels seen in this place.
 G = Mean time per level.
                   A        B        C        D        E       F      G
               +--------+--------+--------+--------+--------+-----+--------+
         Total |   2074 |   1972 |    102 |    183 |   1338 |   4 |  518.5 |
       Dungeon |   2074 |   1972 |    102 |    183 |   1338 |   4 |  518.5 |
               +--------+--------+--------+--------+--------+-----+--------+

Top non-repeatable levels by time:
     D:3: 819 daAuts
     D:1: 622 daAuts
     D:2: 558 daAuts
     D:4: 73 daAuts
